Sabres vs Capitals

Created - November 22, 2023 at 22:00

Goals
1 2 3 T
Sabres 2 0 1 3
Capitals 0 0 1 1
Shots
1 2 3 T
Sabres 15 13 7 35
Capitals 8 10 22 40

1st period

1. Sabres , Gabriel Vilardi 5 (Kris Letang 13, Ivan Barbashev 9) at 11:44
2. Sabres , Dylan Cozens 9 (Kris Letang 14) at 13:16 (PP)

Penalties :
Adam Larsson (WAS) for Roughing (Minor) at 5:55, Pavel Buchnevich (WAS) for Tripping (Minor) at 12:16

2nd period

No Goal

Penalties :
Nils Lundkvist (WAS) for Hooking (Minor) at 10:09, Adam Larsson (WAS) for Interference (Minor) at 14:28

3rd period

3. Capitals , Pavel Buchnevich 7 (Robert Thomas 7) at 15:11
4. Sabres , Dawson Mercer 5 (Connor Murphy 6, Michael Mcleod 5) at 17:45

Penalties :
Trevor Zegras (WAS) for Hooking (Minor) at 1:56, Sam Lafferty (WAS) for Tripping (Minor) at 5:12

Goalie Stats

Alexandar Georgiev (BUF), 39 saves from 40 shots - (0.975), W, 11-4-1, 60:00 minutes
Adin Hill (WAS), 32 saves from 35 shots - (0.914), L, 6-2-2, 60:00 minutes

Players Stats for Sabres

Player Name              G  A  P  +/- PIM S  H  SB GA TA FO     MP     PP MP  PK MP  
------------------------------------------------------------------------------------
Connor Murphy            0  1  1   0  0   1  0  1  0  0  0/0    17:04   0:00   0:00 
Dawson Mercer            1  0  1   1  0   2  0  0  0  0  1/2    16:19   4:29   0:00 
Dylan Cozens             1  0  1  -1  0   4  0  0  0  0  0/2    21:32   6:26   0:00 
Dylan Larkin             0  0  0  -1  0   4  2  0  0  0  20/31  21:32   6:26   0:00 
Evan Bouchard            0  0  0   0  0   1  0  0  0  0  0/0    23:52   6:28   0:00 
Gabriel Vilardi          1  0  1   1  0   4  1  0  0  0  1/1    21:08   6:26   0:00 
Ivan Barbashev           0  1  1   1  0   1  0  1  0  0  1/1    19:11   4:29   0:00 
Jack McBain              0  0  0   0  0   0  0  0  0  0  0/0     7:27   0:00   0:00 
Jarred Tinordi           0  0  0   0  0   0  4  1  0  0  0/0    17:04   0:00   0:00 
Josh Manson              0  0  0   0  0   0  0  3  0  0  0/0    14:26   0:00   0:00 
Kris Letang              0  2  2   1  0   4  3  0  0  0  0/0    24:03   6:28   0:00 
Michael Mcleod           0  1  1   1  0   0  0  0  0  0  7/11   11:50   0:00   0:00 
Nazem Kadri              0  0  0   1  0   4  2  0  0  0  19/35  19:11   4:29   0:00 
Nicolas Roy              0  0  0  -1  0   2  0  0  0  0  0/0    15:06   0:00   0:00 
Ondrej Palat             0  0  0   0  0   5  0  0  0  0  0/0    11:54   4:27   0:00 
Paul Cotter              0  0  0   1  0   1  1  0  0  0  0/1    11:50   0:00   0:00 
Rasmus Ristolainen       0  0  0   1  0   2  1  1  0  0  0/0    19:04   4:27   0:00 
Tomas Nosek              0  0  0   0  0   0  0  0  0  0  6/11    7:27   0:00   0:00 

Players Stats for Capitals

Player Name              G  A  P  +/- PIM S  H  SB GA TA FO     MP     PP MP  PK MP  
------------------------------------------------------------------------------------
Adam Larsson             0  0  0  -1  4   0  0  2  0  0  0/0    21:11   0:00   3:26 
Anthony Deangelo         0  0  0   0  0   1  0  0  0  0  0/0    17:34   0:00   1:29 
Blake Coleman            0  0  0  -1  0   0  1  0  0  0  0/1    14:25   0:00   0:00 
Carter Verhaeghe         0  0  0   1  0   4  1  0  0  0  0/1    14:13   0:00   0:00 
Christian Dvorak         0  0  0  -1  0   1  0  0  0  0  17/32  19:48   0:00   6:07 
Frank Vatrano            0  0  0  -1  0   4  2  0  0  0  0/0    16:35   0:00   2:54 
Jacob Trouba             0  0  0  -1  0   0  3  3  0  0  0/0    18:32   0:00   3:59 
Joel Armia               0  0  0  -1  0   1  1  0  0  0  1/2    19:43   0:00   6:02 
Maxime Comtois           0  0  0   0  0   1  1  0  0  0  1/1     6:46   0:00   0:00 
Nikita Zadorov           0  0  0   0  0   0  6  0  0  0  0/0    23:12   0:00   3:53 
Nils Lundkvist           0  0  0   0  2   0  0  0  0  0  0/0    17:55   0:00   2:43 
Pavel Buchnevich         1  0  1   1  2   7  6  1  0  0  1/1    15:44   0:00   1:32 
Robert Thomas            0  1  1   1  0   5  0  0  0  0  7/18   14:13   0:00   0:00 
Sam Lafferty             0  0  0   0  2   2  1  0  0  0  6/12    9:19   0:00   2:34 
Seth Jarvis              0  0  0   0  0   0  0  0  0  0  1/5     9:12   0:00   2:26 
Simon Benoit             0  0  0   0  0   2  5  4  0  0  0/0    21:33   0:00   6:20 
Trevor Zegras            0  0  0  -1  2   7  2  0  0  0  6/22   14:39   0:00   0:15 
William Carrier          0  0  0  -1  0   5  2  0  0  0  0/0    14:25   0:00   0:00 

3 Stars

1 - Alexandar Georgiev (BUF)
2 - Kris Letang (BUF)
3 - Gabriel Vilardi (BUF)

Power Play

Sabres - 1 on 6 Attempt(s) - 16.67%
Capitals - 0 on 0 Attempt(s) - 0.00%

Penalty Kill

Sabres - 0 on 0 Attempt(s) - 0.00% - Score 0 goal in Penalty Kill
Capitals - 5 on 6 Attempt(s) - 83.33% - Score 0 goal in Penalty Kill

Team Stat

Sabres - Hits : 14 - Faceoff Wins : 55 - Blocked Shots : 7 - Penalty Minutes : 0
Capitals - Hits : 31 - Faceoff Wins : 40 - Blocked Shots : 10 - Penalty Minutes : 12

Official

Referees : Brandon Blandina and Chris Lee
Linesman : Bevan Mills and Kilian McNamara

Game Notes

No Game Note

Finance

Level 1 -- Attendance: 6000 (100.00%) -- Ticket Income $780,000
Level 2 -- Attendance: 5000 (100.00%) -- Ticket Income $225,000
Level 3 -- Attendance: 2000 (100.00%) -- Ticket Income $80,000
Level 4 -- Attendance: 4000 (100.00%) -- Ticket Income $140,000
Luxury Box -- Attendance: 1000 (100.00%) -- Ticket Income $100,000
Game was played at the Verizon Center.
Total Attendance: 18000 (100.00%)
Total Ticket Income: $1,325,000
Other Income: $649,250
Total Income: $1,974,250

Sabres

5 vs 5 Forward 
   Center                   Left Wing                Right Wing               Time % Phy DF OF 
 1 Dylan Larkin             Dylan Cozens             Nicolas Roy              31     0   1  4  
 2 Nazem Kadri              Ivan Barbashev           Gabriel Vilardi          29     0   1  4  
 3 Michael Mcleod           Paul Cotter              Dawson Mercer            25     1   2  2  
 4 Tomas Nosek              Jack McBain              Ondrej Palat             15     1   3  1  

5 vs 5 Defense 
   Defense                  Defense                                           Time % Phy DF OF 
 1 Rasmus Ristolainen       Kris Letang                                       30     1   3  1  
 2 Josh Manson              Evan Bouchard                                     30     1   3  1  
 3 Jarred Tinordi           Connor Murphy                                     30     1   3  1  
 4 Evan Bouchard            Kris Letang                                       10     0   1  4  

PowerPlay Forward 
   Center                   Left Wing                Right Wing               Time % Phy DF OF 
 1 Dylan Larkin             Dylan Cozens             Gabriel Vilardi          55     1   0  4  
 2 Nazem Kadri              Ivan Barbashev           Dawson Mercer            45     1   0  4  

PowerPlay Defense
   Defense                  Defense                                           Time % Phy DF OF 
 1 Evan Bouchard            Kris Letang                                       55     1   1  3  
 2 Ondrej Palat             Rasmus Ristolainen                                45     1   1  3  

Penalty Kill 4 Players Forward 
   Center                   Wing                     Time % Phy DF OF 
 1 Tomas Nosek              Nicolas Roy              50     1   3  1  
 2 Michael Mcleod           Jack McBain              50     1   3  1  

Penalty Kill 4 Players Defense
   Defense                  Defense                  Time % Phy DF OF 
 1 Jarred Tinordi           Josh Manson              50     1   4  0  
 2 Rasmus Ristolainen       Connor Murphy            50     1   4  0  

Penalty Kill - 3 Players Forward 
   Forward                                           Time % Phy DF OF 
 1 Tomas Nosek                                       50     1   3  1  
 2 Jack McBain                                       50     1   3  1  

Penalty Kill - 3 Players Defense
   Defense                  Defense                  Time % Phy DF OF 
 1 Jarred Tinordi           Josh Manson              50     1   4  0  
 2 Rasmus Ristolainen       Connor Murphy            50     1   4  0  

4 vs 4 Forward 
   Center                   Wing                     Time % Phy DF OF 
 1 Dylan Larkin             Dylan Cozens             50     1   0  4  
 2 Nazem Kadri              Dawson Mercer            50     1   0  4  

4 vs 4 Defense
   Defense                  Defense                  Time % Phy DF OF 
 1 Evan Bouchard            Kris Letang              50     1   1  3  
 2 Ondrej Palat             Rasmus Ristolainen       50     1   1  3  

Last Minutes Offensive
   Center                   Left Wing                Right Wing               Defense                  Defense                  
   Dylan Larkin             Dylan Cozens             Gabriel Vilardi          Evan Bouchard            Kris Letang              

Last Minutes Defensive
   Center                   Left Wing                Right Wing               Defense                  Defense                  
   Tomas Nosek              Ivan Barbashev           Nicolas Roy              Connor Murphy            Josh Manson              

Goaltenders
Starting : Alexandar Georgiev       
Backup : Marc-Andre Fleury        

Extra Forwards
Normal : Nazem Kadri, Dylan Larkin, Dylan Cozens - PP : Nazem Kadri, Dylan Larkin - PK : Dawson Mercer
Extra Defensemen
Normal : Evan Bouchard, Kris Letang, Rasmus Ristolainen - PP : Rasmus Ristolainen - PK : Evan Bouchard, Kris Letang
Penalty Shots
Rasmus Ristolainen, Kris Letang, Gabriel Vilardi, Nicolas Roy, Jarred Tinordi
Custom OT Lines Forwards
Dylan Larkin, Dylan Cozens, Nazem Kadri, Gabriel Vilardi, Dawson Mercer, Nicolas Roy, Michael Mcleod, Ivan Barbashev, Tomas Nosek, Paul Cotter
Custom OT Lines Defensemen
Kris Letang, Evan Bouchard, Rasmus Ristolainen, Josh Manson, Connor Murphy

Scratches
Ian Mitchell (Healthy), Drew O'Connor (Healthy)

Capitals

5 vs 5 Forward 
   Center                   Left Wing                Right Wing               Time % Phy DF OF 
 1 Christian Dvorak         Joel Armia               Frank Vatrano            28     0   4  1  
 2 Robert Thomas            Carter Verhaeghe         Pavel Buchnevich         28     0   2  3  
 3 Trevor Zegras            William Carrier          Blake Coleman            28     1   2  2  
 4 Sam Lafferty             Maxime Comtois           Seth Jarvis              16     1   2  2  

5 vs 5 Defense 
   Defense                  Defense                                           Time % Phy DF OF 
 1 Jacob Trouba             Adam Larsson                                      30     0   4  1  
 2 Anthony Deangelo         Nikita Zadorov                                    30     0   3  2  
 3 Simon Benoit             Nils Lundkvist                                    30     0   4  1  
 4 Nikita Zadorov           Adam Larsson                                      10     0   4  1  

PowerPlay Forward 
   Center                   Left Wing                Right Wing               Time % Phy DF OF 
 1 Robert Thomas            Carter Verhaeghe         Pavel Buchnevich         60     1   2  2  
 2 Trevor Zegras            William Carrier          Blake Coleman            40     1   2  2  

PowerPlay Defense
   Defense                  Defense                                           Time % Phy DF OF 
 1 Anthony Deangelo         Adam Larsson                                      60     1   2  2  
 2 Jacob Trouba             Nikita Zadorov                                    40     1   2  2  

Penalty Kill 4 Players Forward 
   Center                   Wing                     Time % Phy DF OF 
 1 Christian Dvorak         Joel Armia               60     0   5  0  
 2 Sam Lafferty             Frank Vatrano            40     0   5  0  

Penalty Kill 4 Players Defense
   Defense                  Defense                  Time % Phy DF OF 
 1 Simon Benoit             Adam Larsson             60     0   5  0  
 2 Jacob Trouba             Nikita Zadorov           40     0   5  0  

Penalty Kill - 3 Players Forward 
   Forward                                           Time % Phy DF OF 
 1 Christian Dvorak                                  60     0   5  0  
 2 Sam Lafferty                                      40     0   5  0  

Penalty Kill - 3 Players Defense
   Defense                  Defense                  Time % Phy DF OF 
 1 Simon Benoit             Adam Larsson             60     0   5  0  
 2 Jacob Trouba             Nikita Zadorov           40     0   5  0  

4 vs 4 Forward 
   Center                   Wing                     Time % Phy DF OF 
 1 Pavel Buchnevich         Robert Thomas            60     1   2  2  
 2 Carter Verhaeghe         Trevor Zegras            40     1   2  2  

4 vs 4 Defense
   Defense                  Defense                  Time % Phy DF OF 
 1 Jacob Trouba             Adam Larsson             60     1   2  2  
 2 Anthony Deangelo         Nikita Zadorov           40     1   2  2  

Last Minutes Offensive
   Center                   Left Wing                Right Wing               Defense                  Defense                  
   Robert Thomas            Carter Verhaeghe         Pavel Buchnevich         Anthony Deangelo         Adam Larsson             

Last Minutes Defensive
   Center                   Left Wing                Right Wing               Defense                  Defense                  
   Christian Dvorak         Carter Verhaeghe         Joel Armia               Jacob Trouba             Adam Larsson             

Goaltenders
Starting : Adin Hill                
Backup : Laurent Brossoit         

Extra Forwards
Normal : Blake Coleman, Frank Vatrano, Seth Jarvis - PP : Blake Coleman, Frank Vatrano - PK : Seth Jarvis
Extra Defensemen
Normal : Nils Lundkvist, Simon Benoit, Anthony Deangelo - PP : Simon Benoit - PK : Nils Lundkvist, Anthony Deangelo
Penalty Shots
Trevor Zegras, Pavel Buchnevich, Anthony Deangelo, Christian Dvorak, Robert Thomas
Custom OT Lines Forwards
Pavel Buchnevich, Robert Thomas, Carter Verhaeghe, Trevor Zegras, Christian Dvorak, Frank Vatrano, Blake Coleman, Maxime Comtois, Seth Jarvis, William Carrier
Custom OT Lines Defensemen
Jacob Trouba, Adam Larsson, Anthony Deangelo, Nikita Zadorov, Simon Benoit

Scratches
Walker Duehr (Healthy), Scott Perunovich (Healthy), Nick Perbix (Healthy)

% Time on Ice - Sabres

Lines # - Real PCT - Wanted PCT - Time Play
Normal Forward
1 - 31% - 31% - 15:06
2 - 30% - 29% - 14:42
3 - 24% - 25% - 11:50
4 - 15% - 15% - 7:27
Normal Defense
1 - 30% - 30% - 14:37
2 - 29% - 30% - 14:26
3 - 35% - 30% - 17:04
4 - 6% - 10% - 2:58
PP Forward
1 - 59% - 55% - 6:26
2 - 41% - 45% - 4:29
PP Defense
1 - 59% - 55% - 6:28
2 - 41% - 45% - 4:27
PK Forward
1 - 0% - 50%
2 - 0% - 50%
PK Defense
1 - 0% - 50%
2 - 0% - 50%
PK3 Forward
1 - 0% - 50%
2 - 0% - 50%
PK3 Defense
1 - 0% - 50%
2 - 0% - 50%
44 Forward
1 - 0% - 50%
2 - 0% - 50%
44 Defense
1 - 0% - 50%
2 - 0% - 50%
Last Minute Offensive  - 0:00
Last Minute Defensive  - 0:00
Total
Forward - 60:00
Defense - 60:00

% Time on Ice - Capitals

Lines # - Real PCT - Wanted PCT - Time Play
Normal Forward
1 - 28% - 28% - 13:41
2 - 29% - 28% - 14:13
3 - 29% - 28% - 14:25
4 - 14% - 16% - 6:46
Normal Defense
1 - 30% - 30% - 14:33
2 - 31% - 30% - 15:02
3 - 31% - 30% - 15:13
4 - 9% - 10% - 4:17
PP Forward
1 - 0% - 60%
2 - 0% - 40%
PP Defense
1 - 0% - 60%
2 - 0% - 40%
PK Forward
1 - 70% - 60% - 7:38
2 - 30% - 40% - 3:17
PK Defense
1 - 59% - 60% - 6:28
2 - 41% - 40% - 4:27
PK3 Forward
1 - 0% - 60%
2 - 0% - 40%
PK3 Defense
1 - 0% - 60%
2 - 0% - 40%
44 Forward
1 - 0% - 60%
2 - 0% - 40%
44 Defense
1 - 0% - 60%
2 - 0% - 40%
Last Minute Offensive  - 0:00
Last Minute Defensive  - 0:00
Total
Forward - 60:00
Defense - 60:00

Play-by-Play

1st period


0:01 of 1st period - Christian Dvorak wins face-off versus Dylan Larkin in neutral zone.
0:11 of 1st period - Icing by Kris Letang.
0:12 of 1st period - Dylan Larkin wins face-off versus Robert Thomas in Sabres zone.
0:25 of 1st period - Shot by Dylan Larkin.
0:25 of 1st period - Stopped by Adin Hill without a rebound.
0:26 of 1st period - Nazem Kadri wins face-off versus Trevor Zegras in Capitals zone.
0:41 of 1st period - Shot by Trevor Zegras.
0:41 of 1st period - Stopped by Alexandar Georgiev without a rebound.
0:42 of 1st period - Dawson Mercer wins face-off versus Sam Lafferty in Sabres zone.
0:52 of 1st period - Seth Jarvis is hit by Jarred Tinordi and loses puck.
0:57 of 1st period - Shot by Seth Jarvis.
0:57 of 1st period - Shot Misses the Net.
0:59 of 1st period - Shot by Maxime Comtois.
0:59 of 1st period - Stopped by Alexandar Georgiev without a rebound.
1:00 of 1st period - Christian Dvorak wins face-off versus Tomas Nosek in Sabres zone.
1:31 of 1st period - Shot by Ondrej Palat.
1:31 of 1st period - Stopped by Adin Hill without a rebound.
1:32 of 1st period - Robert Thomas wins face-off versus Nazem Kadri in Capitals zone.
1:54 of 1st period - Shot by Nazem Kadri.
1:54 of 1st period - Shot Blocked by Pavel Buchnevich.
1:56 of 1st period - Shot by Nazem Kadri.
1:56 of 1st period - Shot Misses the Net.
2:00 of 1st period - Shot by Gabriel Vilardi.
2:00 of 1st period - Shot Blocked by Adam Larsson.
2:02 of 1st period - Shot by Connor Murphy.
2:02 of 1st period - Shot Misses the Net.
2:04 of 1st period - Shot by Gabriel Vilardi.
2:04 of 1st period - Stopped by Adin Hill with a rebound.
2:06 of 1st period - Shot by Connor Murphy.
2:06 of 1st period - Shot Blocked by Adam Larsson.
2:28 of 1st period - Shot by Dylan Cozens.
2:28 of 1st period - Stopped by Adin Hill without a rebound.
2:29 of 1st period - Michael Mcleod wins face-off versus Trevor Zegras in Capitals zone.
2:54 of 1st period - Michael Mcleod is hit by William Carrier and loses puck.
3:03 of 1st period - Shot by Dawson Mercer.
3:03 of 1st period - Deflect By Michael Mcleod.
3:03 of 1st period - Shot Misses the Net.
4:02 of 1st period - Nils Lundkvist is hit by Kris Letang and loses puck.
4:47 of 1st period - Shot by Gabriel Vilardi.
4:47 of 1st period - Shot Blocked by Jacob Trouba.
4:49 of 1st period - Shot by Ivan Barbashev.
4:49 of 1st period - Stopped by Adin Hill with a rebound.
4:53 of 1st period - Shot by Nazem Kadri.
4:53 of 1st period - Stopped by Adin Hill with a rebound.
5:50 of 1st period - Shot by Dawson Mercer.
5:50 of 1st period - Deflect By Paul Cotter.
5:50 of 1st period - Shot Blocked by Jacob Trouba.
5:52 of 1st period - Shot by Dawson Mercer.
5:52 of 1st period - Shot Misses the Net.
5:54 of 1st period - Shot by Rasmus Ristolainen.
5:54 of 1st period - Stopped by Adin Hill with a rebound.
5:55 of 1st period - Minor Penalty to Adam Larsson for Roughing.
5:56 of 1st period - Gabriel Vilardi wins face-off versus Seth Jarvis in Capitals zone.
6:25 of 1st period - Icing by Kris Letang.
6:26 of 1st period - Dylan Larkin wins face-off versus Seth Jarvis in Sabres zone.
6:51 of 1st period - Shot by Rasmus Ristolainen.
6:51 of 1st period - Stopped by Adin Hill without a rebound.
6:52 of 1st period - Nazem Kadri wins face-off versus Seth Jarvis in Capitals zone.
6:57 of 1st period - Shot by Ondrej Palat.
6:57 of 1st period - Stopped by Adin Hill without a rebound.
6:58 of 1st period - Ivan Barbashev wins face-off versus Christian Dvorak in Capitals zone.
7:19 of 1st period - Shot by Dawson Mercer.
7:19 of 1st period - Shot Misses the Net.
8:35 of 1st period - Shot by Trevor Zegras.
8:35 of 1st period - Stopped by Alexandar Georgiev without a rebound.
8:36 of 1st period - Dylan Larkin wins face-off versus Robert Thomas in Sabres zone.
8:36 of 1st period - Dylan Larkin is hit by Pavel Buchnevich.
9:04 of 1st period - Shot by Dylan Cozens.
9:04 of 1st period - Shot Blocked by Jacob Trouba.
9:07 of 1st period - Icing by Pavel Buchnevich.
9:08 of 1st period - Nazem Kadri wins face-off versus Robert Thomas in Capitals zone.
9:08 of 1st period - Nazem Kadri is hit by Jacob Trouba.
9:32 of 1st period - Shot by Nazem Kadri.
9:32 of 1st period - Stopped by Adin Hill without a rebound.
9:33 of 1st period - Trevor Zegras wins face-off versus Tomas Nosek in Capitals zone.
9:50 of 1st period - Jack McBain is hit by William Carrier and loses puck.
11:44 of 1st period - Shot by Gabriel Vilardi.
11:44 of 1st period - Goal by Gabriel Vilardi - Sabres : 1 - Capitals : 0.
11:45 of 1st period - Robert Thomas wins face-off versus Michael Mcleod in neutral zone.
11:52 of 1st period - Shot by Pavel Buchnevich.
11:52 of 1st period - Stopped by Alexandar Georgiev without a rebound.
11:53 of 1st period - Nazem Kadri wins face-off versus Robert Thomas in Sabres zone.
11:53 of 1st period - Nazem Kadri is hit by Pavel Buchnevich.
12:15 of 1st period - Shot by Carter Verhaeghe.
12:15 of 1st period - Stopped by Alexandar Georgiev with a rebound.
12:16 of 1st period - Minor Penalty to Pavel Buchnevich for Tripping.
12:17 of 1st period - Christian Dvorak wins face-off versus Dylan Larkin in Capitals zone.
12:17 of 1st period - Simon Benoit is hit by Gabriel Vilardi and loses puck.
12:28 of 1st period - Shot by Dylan Larkin.
12:28 of 1st period - Shot Blocked by Simon Benoit.
12:30 of 1st period - Shot by Evan Bouchard.
12:30 of 1st period - Shot Hit the Post.
12:32 of 1st period - Shot by Dylan Larkin.
12:32 of 1st period - Stopped by Adin Hill without a rebound.
12:33 of 1st period - Sam Lafferty wins face-off versus Nazem Kadri in Capitals zone.
12:33 of 1st period - Sam Lafferty is hit by Nazem Kadri.
12:45 of 1st period - Shot by Ondrej Palat.
12:45 of 1st period - Stopped by Adin Hill without a rebound.
12:46 of 1st period - Christian Dvorak wins face-off versus Dylan Cozens in Capitals zone.
13:00 of 1st period - Shot by Kris Letang.
13:00 of 1st period - Shot Blocked by Simon Benoit.
13:14 of 1st period - Shot by Dylan Cozens.
13:14 of 1st period - Shot Misses the Net.
13:16 of 1st period - Shot by Dylan Cozens.
13:16 of 1st period - Goal by Dylan Cozens - Sabres : 2 - Capitals : 0.
13:17 of 1st period - Michael Mcleod wins face-off versus Blake Coleman in neutral zone.
13:24 of 1st period - Shot by Paul Cotter.
13:24 of 1st period - Shot Misses the Net.
13:54 of 1st period - Shot by Michael Mcleod.
13:54 of 1st period - Shot Misses the Net.
14:14 of 1st period - Off-side.
14:15 of 1st period - Dylan Larkin wins face-off versus Christian Dvorak in neutral zone.
14:15 of 1st period - Dylan Larkin is hit by Frank Vatrano.
14:23 of 1st period - Shot by Evan Bouchard.
14:23 of 1st period - Shot Misses the Net.
15:27 of 1st period - Shot by Pavel Buchnevich.
15:27 of 1st period - Shot Blocked by Josh Manson.
15:29 of 1st period - Shot by Robert Thomas.
15:29 of 1st period - Stopped by Alexandar Georgiev without a rebound.
15:30 of 1st period - Nazem Kadri wins face-off versus Trevor Zegras in Sabres zone.
15:32 of 1st period - Rasmus Ristolainen is hit by Trevor Zegras and loses puck.
15:47 of 1st period - Shot by Gabriel Vilardi.
15:47 of 1st period - Stopped by Adin Hill without a rebound.
15:48 of 1st period - Seth Jarvis wins face-off versus Michael Mcleod in Capitals zone.
15:57 of 1st period - Icing by Jarred Tinordi.
15:58 of 1st period - Michael Mcleod wins face-off versus Robert Thomas in Sabres zone.
15:58 of 1st period - Dawson Mercer is hit by Pavel Buchnevich and loses puck.
16:37 of 1st period - Shot by Pavel Buchnevich.
16:37 of 1st period - Stopped by Alexandar Georgiev with a rebound.
17:02 of 1st period - Icing by Michael Mcleod.
17:03 of 1st period - Michael Mcleod wins face-off versus Christian Dvorak in Sabres zone.
17:18 of 1st period - Shot by Christian Dvorak.
17:18 of 1st period - Shot Misses the Net.
17:42 of 1st period - Off-side.
17:43 of 1st period - Dylan Larkin wins face-off versus Trevor Zegras in neutral zone.
17:54 of 1st period - Shot by William Carrier.
17:54 of 1st period - Stopped by Alexandar Georgiev without a rebound.
17:55 of 1st period - Robert Thomas wins face-off versus Nazem Kadri in Sabres zone.
17:56 of 1st period - Shot by Pavel Buchnevich.
17:56 of 1st period - Shot Misses the Net.
17:59 of 1st period - Icing by Evan Bouchard.
18:00 of 1st period - Trevor Zegras wins face-off versus Nazem Kadri in Sabres zone.
18:18 of 1st period - Shot by Nazem Kadri.
18:18 of 1st period - Shot Misses the Net.
18:20 of 1st period - Shot by Gabriel Vilardi.
18:20 of 1st period - Shot Misses the Net.
Goals for this period are 2 for Sabres vs 0 for Capitals.
Shots for this period are 15 for Sabres vs 8 for Capitals.

2nd period


0:01 of 2nd period - Nazem Kadri wins face-off versus Sam Lafferty in neutral zone.
0:11 of 2nd period - Anthony Deangelo is hit by Kris Letang and loses puck.
0:17 of 2nd period - Kris Letang is hit by Maxime Comtois and loses puck.
0:25 of 2nd period - Shot by Gabriel Vilardi.
0:25 of 2nd period - Stopped by Adin Hill without a rebound.
0:26 of 2nd period - Dylan Larkin wins face-off versus Christian Dvorak in Capitals zone.
0:26 of 2nd period - Dylan Cozens is hit by Simon Benoit and loses puck.
0:34 of 2nd period - Christian Dvorak is hit by Jarred Tinordi and loses puck.
0:39 of 2nd period - Shot by Simon Benoit.
0:39 of 2nd period - Deflect By Frank Vatrano.
0:39 of 2nd period - Stopped by Alexandar Georgiev without a rebound.
0:40 of 2nd period - Tomas Nosek wins face-off versus Trevor Zegras in Sabres zone.
0:40 of 2nd period - Tomas Nosek is hit by Blake Coleman.
1:02 of 2nd period - Shot by Trevor Zegras.
1:02 of 2nd period - Shot Misses the Net.
1:18 of 2nd period - Shot by Trevor Zegras.
1:18 of 2nd period - Stopped by Alexandar Georgiev without a rebound.
1:19 of 2nd period - Christian Dvorak wins face-off versus Nazem Kadri in Sabres zone.
1:51 of 2nd period - Shot by Frank Vatrano.
1:51 of 2nd period - Shot Hit the Post.
1:53 of 2nd period - Shot by Anthony Deangelo.
1:53 of 2nd period - Shot Misses the Net.
1:55 of 2nd period - Shot by Nikita Zadorov.
1:55 of 2nd period - Deflect By Frank Vatrano.
1:55 of 2nd period - Shot Misses the Net.
1:57 of 2nd period - Shot by Joel Armia.
1:57 of 2nd period - Stopped by Alexandar Georgiev with a rebound.
2:38 of 2nd period - Nicolas Roy is hit by Simon Benoit and loses puck.
2:41 of 2nd period - Shot by Connor Murphy.
2:41 of 2nd period - Stopped by Adin Hill without a rebound.
2:42 of 2nd period - Maxime Comtois wins face-off versus Paul Cotter in Capitals zone.
3:08 of 2nd period - Shot by Dawson Mercer.
3:08 of 2nd period - Shot Misses the Net.
3:10 of 2nd period - Shot by Paul Cotter.
3:10 of 2nd period - Stopped by Adin Hill without a rebound.
3:11 of 2nd period - Dylan Larkin wins face-off versus Trevor Zegras in Capitals zone.
3:35 of 2nd period - Off-side.
3:36 of 2nd period - Christian Dvorak wins face-off versus Tomas Nosek in neutral zone.
3:47 of 2nd period - Shot by Joel Armia.
3:47 of 2nd period - Shot Misses the Net.
4:37 of 2nd period - Robert Thomas is hit by Nazem Kadri and loses puck.
5:37 of 2nd period - Pavel Buchnevich is hit by Dylan Larkin and loses puck.
5:52 of 2nd period - Shot by Dylan Larkin.
5:52 of 2nd period - Shot Misses the Net.
6:28 of 2nd period - Shot by William Carrier.
6:28 of 2nd period - Stopped by Alexandar Georgiev with a rebound.
6:30 of 2nd period - Shot by Blake Coleman.
6:30 of 2nd period - Shot Misses the Net.
6:32 of 2nd period - Shot by Trevor Zegras.
6:32 of 2nd period - Shot Misses the Net.
6:38 of 2nd period - Shot by William Carrier.
6:38 of 2nd period - Stopped by Alexandar Georgiev without a rebound.
6:39 of 2nd period - Sam Lafferty wins face-off versus Nazem Kadri in Sabres zone.
6:56 of 2nd period - Shot by Seth Jarvis.
6:56 of 2nd period - Deflect By Maxime Comtois.
6:56 of 2nd period - Shot Blocked by Ivan Barbashev.
7:31 of 2nd period - Icing by Nils Lundkvist.
7:32 of 2nd period - Sam Lafferty wins face-off versus Dylan Larkin in Capitals zone.
8:44 of 2nd period - Off-side.
8:45 of 2nd period - Christian Dvorak wins face-off versus Nazem Kadri in neutral zone.
9:03 of 2nd period - Icing by Christian Dvorak.
9:04 of 2nd period - Christian Dvorak wins face-off versus Tomas Nosek in Capitals zone.
9:19 of 2nd period - Christian Dvorak is hit by Rasmus Ristolainen and loses puck.
10:09 of 2nd period - Minor Penalty to Nils Lundkvist for Hooking.
10:10 of 2nd period - Nazem Kadri wins face-off versus Sam Lafferty in Capitals zone.
10:19 of 2nd period - Shot by Kris Letang.
10:19 of 2nd period - Stopped by Adin Hill without a rebound.
10:20 of 2nd period - Dylan Larkin wins face-off versus Christian Dvorak in Capitals zone.
11:48 of 2nd period - Shot by Rasmus Ristolainen.
11:48 of 2nd period - Shot Misses the Net.
11:50 of 2nd period - Shot by Ondrej Palat.
11:50 of 2nd period - Shot Misses the Net.
12:12 of 2nd period - Shot by Trevor Zegras.
12:12 of 2nd period - Shot Misses the Net.
12:14 of 2nd period - Shot by Nils Lundkvist.
12:14 of 2nd period - Shot Misses the Net.
12:16 of 2nd period - Shot by William Carrier.
12:16 of 2nd period - Stopped by Alexandar Georgiev without a rebound.
12:17 of 2nd period - Tomas Nosek wins face-off versus Trevor Zegras in Sabres zone.
12:17 of 2nd period - Tomas Nosek is hit by Trevor Zegras.
12:38 of 2nd period - Shot by Jack McBain.
12:38 of 2nd period - Deflect By Ondrej Palat.
12:38 of 2nd period - Stopped by Adin Hill without a rebound.
12:39 of 2nd period - Robert Thomas wins face-off versus Michael Mcleod in Capitals zone.
12:46 of 2nd period - Shot by Pavel Buchnevich.
12:46 of 2nd period - Shot Blocked by Jarred Tinordi.
12:49 of 2nd period - Icing by Connor Murphy.
12:50 of 2nd period - Sam Lafferty wins face-off versus Michael Mcleod in Sabres zone.
13:20 of 2nd period - Icing by Jarred Tinordi.
13:21 of 2nd period - Michael Mcleod wins face-off versus Christian Dvorak in Sabres zone.
13:36 of 2nd period - Shot by Frank Vatrano.
13:36 of 2nd period - Stopped by Alexandar Georgiev without a rebound.
13:37 of 2nd period - Trevor Zegras wins face-off versus Nazem Kadri in Sabres zone.
13:40 of 2nd period - Shot by William Carrier.
13:40 of 2nd period - Stopped by Alexandar Georgiev without a rebound.
13:41 of 2nd period - Trevor Zegras wins face-off versus Nazem Kadri in Sabres zone.
13:44 of 2nd period - Shot by Trevor Zegras.
13:44 of 2nd period - Stopped by Alexandar Georgiev without a rebound.
13:45 of 2nd period - Nazem Kadri wins face-off versus Christian Dvorak in Sabres zone.
13:45 of 2nd period - Nazem Kadri is hit by Frank Vatrano.
13:50 of 2nd period - Kris Letang is hit by Nikita Zadorov and loses puck.
14:20 of 2nd period - Ivan Barbashev is hit by Nikita Zadorov.
14:24 of 2nd period - Shot by Ivan Barbashev.
14:24 of 2nd period - Deflect By Nazem Kadri.
14:24 of 2nd period - Stopped by Adin Hill without a rebound.
14:25 of 2nd period - Dylan Larkin wins face-off versus Trevor Zegras in Capitals zone.
14:25 of 2nd period - Dylan Cozens is hit by Jacob Trouba.
14:27 of 2nd period - Shot by Nicolas Roy.
14:27 of 2nd period - Stopped by Adin Hill without a rebound.
14:28 of 2nd period - Dylan Larkin wins face-off versus Trevor Zegras in Capitals zone.
14:28 of 2nd period - Minor Penalty to Adam Larsson for Interference.
14:29 of 2nd period - Dylan Larkin wins face-off versus Christian Dvorak in Capitals zone.
14:58 of 2nd period - Icing by Rasmus Ristolainen.
14:59 of 2nd period - Dylan Larkin wins face-off versus Sam Lafferty in Sabres zone.
14:59 of 2nd period - Dylan Larkin is hit by Sam Lafferty.
15:10 of 2nd period - Shot by Dylan Larkin.
15:10 of 2nd period - Deflect By Gabriel Vilardi.
15:10 of 2nd period - Shot Misses the Net.
15:12 of 2nd period - Shot by Dylan Cozens.
15:12 of 2nd period - Stopped by Adin Hill without a rebound.
15:13 of 2nd period - Nazem Kadri wins face-off versus Christian Dvorak in Capitals zone.
15:20 of 2nd period - Shot by Kris Letang.
15:20 of 2nd period - Stopped by Adin Hill with a rebound.
15:22 of 2nd period - Shot by Kris Letang.
15:22 of 2nd period - Stopped by Adin Hill without a rebound.
15:23 of 2nd period - Christian Dvorak wins face-off versus Nazem Kadri in Capitals zone.
15:55 of 2nd period - Shot by Kris Letang.
15:55 of 2nd period - Stopped by Adin Hill without a rebound.
15:56 of 2nd period - Sam Lafferty wins face-off versus Dylan Larkin in Capitals zone.
16:14 of 2nd period - Shot by Dylan Larkin.
16:14 of 2nd period - Stopped by Adin Hill without a rebound.
16:15 of 2nd period - Christian Dvorak wins face-off versus Nazem Kadri in Capitals zone.
16:42 of 2nd period - Shot by Ondrej Palat.
16:42 of 2nd period - Shot Misses the Net.
16:59 of 2nd period - Icing by Jarred Tinordi.
17:00 of 2nd period - Tomas Nosek wins face-off versus Robert Thomas in Sabres zone.
17:02 of 2nd period - Jarred Tinordi is hit by Pavel Buchnevich.
17:09 of 2nd period - Tomas Nosek is hit by Pavel Buchnevich and loses puck.
17:59 of 2nd period - Shot by Sam Lafferty.
17:59 of 2nd period - Stopped by Alexandar Georgiev without a rebound.
18:00 of 2nd period - Trevor Zegras wins face-off versus Nazem Kadri in Sabres zone.
18:00 of 2nd period - Trevor Zegras is hit by Kris Letang.
19:21 of 2nd period - Shot by Dawson Mercer.
19:21 of 2nd period - Stopped by Adin Hill without a rebound.
19:22 of 2nd period - Robert Thomas wins face-off versus Dylan Larkin in Capitals zone.
19:36 of 2nd period - Icing by Evan Bouchard.
19:37 of 2nd period - Joel Armia wins face-off versus Dylan Larkin in Sabres zone.
Goals for this period are 0 for Sabres vs 0 for Capitals.
Shots for this period are 13 for Sabres vs 10 for Capitals.

3rd period


0:01 of 3rd period - Dylan Larkin wins face-off versus Robert Thomas in neutral zone.
0:20 of 3rd period - Shot by Pavel Buchnevich.
0:20 of 3rd period - Stopped by Alexandar Georgiev without a rebound.
0:21 of 3rd period - Nazem Kadri wins face-off versus Christian Dvorak in Sabres zone.
0:23 of 3rd period - Icing by Josh Manson.
0:24 of 3rd period - Nazem Kadri wins face-off versus Christian Dvorak in Sabres zone.
0:26 of 3rd period - Icing by Gabriel Vilardi.
0:27 of 3rd period - Nazem Kadri wins face-off versus Christian Dvorak in Sabres zone.
0:27 of 3rd period - Nazem Kadri is hit by Joel Armia.
1:00 of 3rd period - Shot by Frank Vatrano.
1:00 of 3rd period - Stopped by Alexandar Georgiev without a rebound.
1:01 of 3rd period - Robert Thomas wins face-off versus Dylan Larkin in Sabres zone.
1:18 of 3rd period - Shot by Dylan Cozens.
1:18 of 3rd period - Stopped by Adin Hill without a rebound.
1:19 of 3rd period - Michael Mcleod wins face-off versus Trevor Zegras in Capitals zone.
1:19 of 3rd period - Michael Mcleod is hit by Simon Benoit.
1:24 of 3rd period - Michael Mcleod is hit by Simon Benoit and loses puck.
1:30 of 3rd period - Trevor Zegras is hit by Paul Cotter and loses puck.
1:40 of 3rd period - Blake Coleman is hit by Jarred Tinordi and loses puck.
1:56 of 3rd period - Minor Penalty to Trevor Zegras for Hooking.
1:57 of 3rd period - Dylan Larkin wins face-off versus Joel Armia in Capitals zone.
2:30 of 3rd period - Shot by Dylan Cozens.
2:30 of 3rd period - Shot Misses the Net.
2:58 of 3rd period - Simon Benoit is hit by Dylan Larkin.
3:58 of 3rd period - Shot by Ivan Barbashev.
3:58 of 3rd period - Shot Misses the Net.
4:46 of 3rd period - Off-side.
4:47 of 3rd period - Tomas Nosek wins face-off versus Sam Lafferty in neutral zone.
5:12 of 3rd period - Minor Penalty to Sam Lafferty for Tripping.
5:13 of 3rd period - Dylan Larkin wins face-off versus Christian Dvorak in Capitals zone.
5:22 of 3rd period - Shot by Evan Bouchard.
5:22 of 3rd period - Deflect By Dylan Larkin.
5:22 of 3rd period - Shot Hit the Post.
5:24 of 3rd period - Shot by Evan Bouchard.
5:24 of 3rd period - Stopped by Adin Hill without a rebound.
5:25 of 3rd period - Nazem Kadri wins face-off versus Christian Dvorak in Capitals zone.
6:36 of 3rd period - Icing by Dylan Cozens.
6:37 of 3rd period - Christian Dvorak wins face-off versus Dawson Mercer in Sabres zone.
7:10 of 3rd period - Shot by Dylan Larkin.
7:10 of 3rd period - Stopped by Adin Hill without a rebound.
7:11 of 3rd period - Dylan Larkin wins face-off versus Seth Jarvis in Capitals zone.
7:18 of 3rd period - Shot by Robert Thomas.
7:18 of 3rd period - Stopped by Alexandar Georgiev with a rebound.
7:38 of 3rd period - Shot by Pavel Buchnevich.
7:38 of 3rd period - Stopped by Alexandar Georgiev without a rebound.
7:39 of 3rd period - Nazem Kadri wins face-off versus Trevor Zegras in Sabres zone.
8:06 of 3rd period - Shot by Trevor Zegras.
8:06 of 3rd period - Stopped by Alexandar Georgiev without a rebound.
8:07 of 3rd period - Christian Dvorak wins face-off versus Dylan Larkin in Sabres zone.
8:10 of 3rd period - Shot by Joel Armia.
8:10 of 3rd period - Deflect By Frank Vatrano.
8:10 of 3rd period - Shot Misses the Net.
8:35 of 3rd period - Kris Letang is hit by Simon Benoit and loses puck.
9:18 of 3rd period - Shot by Carter Verhaeghe.
9:18 of 3rd period - Stopped by Alexandar Georgiev with a rebound.
9:22 of 3rd period - Shot by Robert Thomas.
9:22 of 3rd period - Shot Blocked by Connor Murphy.
9:24 of 3rd period - Shot by Carter Verhaeghe.
9:24 of 3rd period - Deflect By Pavel Buchnevich.
9:24 of 3rd period - Shot Misses the Net.
9:32 of 3rd period - Shot by Pavel Buchnevich.
9:32 of 3rd period - Stopped by Alexandar Georgiev without a rebound.
9:33 of 3rd period - Nazem Kadri wins face-off versus Sam Lafferty in Sabres zone.
9:48 of 3rd period - Shot by Sam Lafferty.
9:48 of 3rd period - Stopped by Alexandar Georgiev without a rebound.
9:49 of 3rd period - Tomas Nosek wins face-off versus Trevor Zegras in Sabres zone.
9:59 of 3rd period - Icing by Adam Larsson.
10:00 of 3rd period - Dylan Larkin wins face-off versus Trevor Zegras in Capitals zone.
10:20 of 3rd period - Icing by Trevor Zegras.
10:21 of 3rd period - Trevor Zegras wins face-off versus Nazem Kadri in Capitals zone.
10:34 of 3rd period - Shot by Trevor Zegras.
10:34 of 3rd period - Stopped by Alexandar Georgiev without a rebound.
10:35 of 3rd period - Christian Dvorak wins face-off versus Dylan Larkin in Sabres zone.
10:42 of 3rd period - Shot by Frank Vatrano.
10:42 of 3rd period - Shot Blocked by Josh Manson.
10:44 of 3rd period - Shot by Frank Vatrano.
10:44 of 3rd period - Shot Hit the Post.
10:46 of 3rd period - Shot by Anthony Deangelo.
10:46 of 3rd period - Stopped by Alexandar Georgiev without a rebound.
10:47 of 3rd period - Robert Thomas wins face-off versus Nazem Kadri in Sabres zone.
10:50 of 3rd period - Shot by Carter Verhaeghe.
10:50 of 3rd period - Shot Blocked by Rasmus Ristolainen.
10:58 of 3rd period - Shot by Pavel Buchnevich.
10:58 of 3rd period - Shot Misses the Net.
11:00 of 3rd period - Shot by Robert Thomas.
11:00 of 3rd period - Deflect By Pavel Buchnevich.
11:00 of 3rd period - Stopped by Alexandar Georgiev with a rebound.
11:02 of 3rd period - Shot by Simon Benoit.
11:02 of 3rd period - Stopped by Alexandar Georgiev with a rebound.
11:04 of 3rd period - Shot by Robert Thomas.
11:04 of 3rd period - Stopped by Alexandar Georgiev without a rebound.
11:05 of 3rd period - Christian Dvorak wins face-off versus Dylan Cozens in Sabres zone.
11:06 of 3rd period - Shot by Frank Vatrano.
11:06 of 3rd period - Shot Misses the Net.
11:12 of 3rd period - Shot by Joel Armia.
11:12 of 3rd period - Shot Misses the Net.
11:14 of 3rd period - Shot by Christian Dvorak.
11:14 of 3rd period - Stopped by Alexandar Georgiev without a rebound.
11:15 of 3rd period - Nazem Kadri wins face-off versus Robert Thomas in Sabres zone.
11:17 of 3rd period - Icing by Gabriel Vilardi.
11:18 of 3rd period - Christian Dvorak wins face-off versus Nazem Kadri in Sabres zone.
11:19 of 3rd period - Shot by Joel Armia.
11:19 of 3rd period - Shot Misses the Net.
11:29 of 3rd period - Shot by Nazem Kadri.
11:29 of 3rd period - Stopped by Adin Hill without a rebound.
11:30 of 3rd period - Pavel Buchnevich wins face-off versus Dylan Larkin in Capitals zone.
11:37 of 3rd period - Shot by Robert Thomas.
11:37 of 3rd period - Stopped by Alexandar Georgiev with a rebound.
11:49 of 3rd period - Shot by Dylan Larkin.
11:49 of 3rd period - Deflect By Nicolas Roy.
11:49 of 3rd period - Shot Misses the Net.
11:51 of 3rd period - Shot by Dylan Cozens.
11:51 of 3rd period - Shot Blocked by Simon Benoit.
11:53 of 3rd period - Shot by Josh Manson.
11:53 of 3rd period - Shot Misses the Net.
11:55 of 3rd period - Shot by Evan Bouchard.
11:55 of 3rd period - Shot Blocked by Simon Benoit.
13:28 of 3rd period - Seth Jarvis is hit by Jarred Tinordi and loses puck.
14:00 of 3rd period - Jarred Tinordi is hit by Jacob Trouba and loses puck.
14:18 of 3rd period - Off-side.
14:19 of 3rd period - Tomas Nosek wins face-off versus Trevor Zegras in neutral zone.
14:39 of 3rd period - Shot by Trevor Zegras.
14:39 of 3rd period - Stopped by Alexandar Georgiev without a rebound.
14:40 of 3rd period - Dylan Larkin wins face-off versus Carter Verhaeghe in Sabres zone.
14:53 of 3rd period - Shot by Nicolas Roy.
14:53 of 3rd period - Stopped by Adin Hill without a rebound.
14:54 of 3rd period - Christian Dvorak wins face-off versus Nazem Kadri in Capitals zone.
15:02 of 3rd period - Shot by Frank Vatrano.
15:02 of 3rd period - Stopped by Alexandar Georgiev without a rebound.
15:03 of 3rd period - Dylan Larkin wins face-off versus Robert Thomas in Sabres zone.
15:03 of 3rd period - Dylan Larkin is hit by Pavel Buchnevich.
15:11 of 3rd period - Shot by Pavel Buchnevich.
15:11 of 3rd period - Goal by Pavel Buchnevich - Sabres : 2 - Capitals : 1.
15:12 of 3rd period - Nazem Kadri wins face-off versus Trevor Zegras in neutral zone.
15:45 of 3rd period - Icing by Josh Manson.
15:46 of 3rd period - Nazem Kadri wins face-off versus Robert Thomas in Sabres zone.
15:46 of 3rd period - Nazem Kadri is hit by Carter Verhaeghe.
16:06 of 3rd period - Shot by Robert Thomas.
16:06 of 3rd period - Stopped by Alexandar Georgiev with a rebound.
16:08 of 3rd period - Shot by Carter Verhaeghe.
16:08 of 3rd period - Shot Misses the Net.
16:10 of 3rd period - Shot by Simon Benoit.
16:10 of 3rd period - Shot Blocked by Josh Manson.
16:12 of 3rd period - Shot by Simon Benoit.
16:12 of 3rd period - Stopped by Alexandar Georgiev with a rebound.
16:16 of 3rd period - Shot by Carter Verhaeghe.
16:16 of 3rd period - Stopped by Alexandar Georgiev without a rebound.
16:17 of 3rd period - Christian Dvorak wins face-off versus Dylan Larkin in Sabres zone.
16:18 of 3rd period - Shot by Frank Vatrano.
16:18 of 3rd period - Shot Misses the Net.
17:11 of 3rd period - Icing by Adam Larsson.
17:12 of 3rd period - Michael Mcleod wins face-off versus Christian Dvorak in Capitals zone.
17:36 of 3rd period - Connor Murphy is hit by Nikita Zadorov and loses puck.
17:41 of 3rd period - Shot by Michael Mcleod.
17:41 of 3rd period - Shot Misses the Net.
17:45 of 3rd period - Shot by Dawson Mercer.
17:45 of 3rd period - Goal by Dawson Mercer - Sabres : 3 - Capitals : 1.
17:46 of 3rd period - Nazem Kadri wins face-off versus Robert Thomas in neutral zone.
18:02 of 3rd period - Shot by Carter Verhaeghe.
18:02 of 3rd period - Stopped by Alexandar Georgiev without a rebound.
18:03 of 3rd period - Sam Lafferty wins face-off versus Tomas Nosek in Sabres zone.
18:10 of 3rd period - Shot by Ondrej Palat.
18:10 of 3rd period - Stopped by Adin Hill without a rebound.
18:11 of 3rd period - Dylan Larkin wins face-off versus Trevor Zegras in Capitals zone.
18:17 of 3rd period - Dylan Larkin is hit by Nikita Zadorov and loses puck.
18:29 of 3rd period - Kris Letang is hit by Nikita Zadorov.
18:47 of 3rd period - Shot by Trevor Zegras.
18:47 of 3rd period - Shot Misses the Net.
18:56 of 3rd period - Kris Letang is hit by Nikita Zadorov and loses puck.
19:25 of 3rd period - Shot by Carter Verhaeghe.
19:25 of 3rd period - Shot Misses the Net.
Goals for this period are 1 for Sabres vs 1 for Capitals.
Shots for this period are 7 for Sabres vs 22 for Capitals.